 Dungeon Crawl Stone Soup version 0.27.1-15-g792fb953b9 (webtiles) character file.

Game seed: 3556436533443811761

29617 Stomo444 the Victor of a Thousand Battles (level 13, -2/67 HPs)
             Began as a Vine Stalker Fighter on Nov 21, 2021.
             Was the Champion of Okawaru.
             Slain by a deep elf knight (6 damage)
             ... on level 2 of the Orcish Mines.
             The game lasted 00:24:27 (11005 turns).

Stomo444 the Victor of a Thousand Battles (VSFi)   Turns: 11005, Time: 00:24:28

Health: -2/67      AC: 25    Str: 23    XL:     13   Next: 46%
Magic:  0/24       EV:  9    Int: 11    God:    Okawaru [******]
Gold:   1106       SH: 11    Dex: 15    Spells: 12/12 levels left

rFire    . . .     SeeInvis .   V - +4 whip (venom)
rCold    + . .     Faith    .   c - +0 kite shield
rNeg     . . .     Spirit   +   h - +4 chain mail {rC+}
rPois    .         Reflect  .   S - +2 hat {Int+3}
rElec    .         Harm     .   (no cloak)
rCorr    .         Rampage  .   v - +2 pair of gloves
Will     +....                  g - +0 pair of boots
Stlth    ..........             q - amulet of regeneration
HPRegen  2.21/turn              I - +4 ring of protection
MPRegen  0.19/turn              n - +4 ring of slaying

@: no status effects
A: fangs 3, regeneration 1, magic shield, antimagic bite, no potion heal 2
a: Renounce Religion, Heroism, Finesse


You were on level 2 of the Orcish Mines.
You worshipped Okawaru.
Okawaru was exalted by your worship.
You visited 4 branches of the dungeon, and saw 17 of its levels.

You collected 1106 gold pieces.

Inventory:

Hand Weapons
 a - a +0 flail
 p - a +0 morningstar
 A - a +2 dire flail of protection
 H - a +4 flail
 O - a +3 flail of protection
 V - a +4 whip of venom (weapon)
Armour
 b - a +0 scale mail
 c - a +0 kite shield (worn)
 g - a +0 pair of boots (worn)
 h - a +4 chain mail of cold resistance (worn)
 v - a +2 pair of gloves (worn)
 Q - a scarf of harm
 S - a +2 hat of intelligence (worn)
 T - +0 acid dragon scales
 U - a +0 troll leather armour
Jewellery
 l - a ring of resist corrosion
 n - a +4 ring of slaying (right hand)
 q - an amulet of regeneration (around neck)
 t - a ring of protection from fire
 w - a ring of resist corrosion
 G - a ring of protection from cold
 I - a +4 ring of protection (left hand)
Wands
 C - a wand of flame (23)
 D - a wand of mindburst (20)
Scrolls
 f - 11 scrolls of identify
 o - a scroll of magic mapping {unknown}
 u - a scroll of vulnerability {unknown}
 x - 3 scrolls of enchant armour
 y - a scroll of noise {unknown}
 B - a scroll of blinking {unknown}
 E - 3 scrolls of teleportation
 J - 2 scrolls of amnesia {unknown}
 K - a scroll of immolation {unknown}
 L - a scroll of fear {unknown}
 M - a scroll of summoning {unknown}
 W - a scroll of fog
Potions
 d - a potion of might
 e - 3 potions of curing
 i - 3 potions of brilliance {unknown}
 j - 3 potions of mutation {unknown}
 k - 3 potions of resistance {unknown}
 m - 2 potions of degeneration {unknown}
 r - a potion of lignification {unknown}
 s - 3 potions of cancellation {unknown}
 z - a potion of magic {unknown}
 F - 2 potions of ambrosia {unknown}
 N - a potion of flight {unknown}
 P - a potion of haste {unknown}
 R - a potion of heal wounds {unknown}


   Skills:
 + Level 7.6 Fighting
 + Level 7.2 Maces & Flails
 + Level 6.9 Armour
 + Level 6.3 Dodging
 + Level 7.6 Shields
 - Level 14.3 Invocations


You had 12 spell levels left.
You didn't know any spells.
Your spell library contained the following spells:

 Spells                   Type           Power      Damage    Failure   Level
 Animate Skeleton         Necr           0%         N/A       99%         1
 Apportation              Tloc           0%         N/A       99%         1
 Corona                   Hex            0%         N/A       99%         1
 Summon Small Mammal      Summ           0%         N/A       99%         1
 Stone Arrow              Conj/Erth      0%         3d7       100%        3
 Bolt of Magma            Conj/Fire/Erth 0%         4d4       100%        5
 Shatter                  Erth           0%         3d5*      100%        9


Dungeon Overview and Level Annotations

Branches:
Dungeon (13/15)            Temple (1/1) D:7            Lair (0/6) D:8
    Orc (2/2) D:12            Elf (1/3) Orc:2
 Vaults: D:13-14

Altars:
Ashenzari
Cheibriados
Dithmenos
Elyvilon
Fedhas
Gozag
Hepliaklqana
Kikubaaqudgha
Makhleb
Nemelex Xobeh
Okawaru
Qazlal
Ru
Sif Muna
Trog
Uskayaw
Vehumet
Wu Jian
Xom
Yredelemnul
Zin
The Shining One

Shops:
D:3 [   D:7 (


Innate Abilities, Weirdness & Mutations

You have razor-sharp teeth.
Your natural rate of healing is unusually fast.
When hurt, damage is shared between your health and your magic reserves.
Your bite disrupts and absorbs the magic of your enemies.
Potions cannot restore your health.


Message History

A lance of force appears from out of thin air!
The lance of force hits you!!
You are knocked back by the lance of force.
You slam into the rock wall!
You hear some strange, mumbled words.
A shard of ice appears from out of thin air!
The shard of ice hits you!! You partially resist.
Okay, then.
The +0 flail of holy wrath hits you but does no damage.
The +0 flail of holy wrath hits you!
There is a staircase back to the Mines here.
Something hits you!
* * * LOW HITPOINT WARNING * * *
You block the +0 flail of holy wrath's attack.
Something hits you but does no damage.
You climb upwards.
Welcome back to the Orcish Mines!
Reactivating autopickup.
There is a staircase to the Elven Halls here.
The +0 flail of holy wrath hits you!
* * * LOW HITPOINT WARNING * * *
You hear some strange, mumbled words.
A shard of ice appears from out of thin air!
Deactivating autopickup; reactivate with Ctrl-A.
The shard of ice hits you! You partially resist.
* * * LOW HITPOINT WARNING * * *
Unknown command.
Okay, then.
The +0 flail of holy wrath barely misses you.
You hear some strange, mumbled words.
A shard of ice appears from out of thin air!
The shard of ice hits you but does no damage.
The +0 flail of holy wrath barely misses you.
The +0 flail of holy wrath closely misses you.
Something hits you!
* * * LOW HITPOINT WARNING * * *
There is an escape hatch in the ceiling, spattered with blood here.
The +0 flail of holy wrath hits you!
* * * LOW HITPOINT WARNING * * *
Something hits you!
You die...

#.............#
#.....<.......#
#.........(...#
##............#
##............#
#........[....#
##............#
#.............#
##.......@....#
#........(....#
##....#..<....#
#.............#
##.$..........#
#..[..........#
#.[.............
#.........#......
##.>)..#.........


You could see a +0 flail of holy wrath.

Vanquished Creatures
  Gastronok (D:10)
  A deep elf demonologist (Elf:1)
  Nessos (D:13)
  Josephine (D:11)
  An ogre mage (D:12)
  A hydra (D:13)
  10 two-headed ogres
  2 orc high priests
  2 tengu warriors (D:13)
  2 deep elf zephyrmancers (Elf:1)
  3 deep elf pyromancers (Elf:1)
  3 orc sorcerers
  A cyclops (Orc:2)
  3 gargoyles
  Maggie (D:7)
  A kobold demonologist (D:9)
  A komodo dragon (D:11)
  6 trolls
  A shadow (D:12)
  A vampire (D:11)
  5 wraiths (D:11)
  3 wyverns
  A yak (D:8)
  5 vampire mosquitoes
  Edmund (D:5)
  3 wargs
  3 acid dragons
  2 water moccasins
  13 orc warriors
  2 necrophages
  A black bear (D:8)
  An ice beast (D:5)
  13 ogres
  5 centaurs
  6 kobold brigands
  A phantom (D:7)
  A bullfrog (D:8)
  2 scorpions (D:8)
  A gnoll sergeant (D:8)
  4 killer bees (D:8)
  An oklob sapling (D:7)
  3 wights (D:9)
  A howler monkey (D:10)
  4 centaur zombies
  2 jellies (D:6)
  7 orc priests
  A centaur skeleton (D:7)
  A gnoll shaman (D:6)
  Crazy Yiuf (D:2)
  Natasha (thrice) (D:2)
  15 orc wizards
  A killer bee zombie (D:6)
  2 hound skeletons (D:4)
  A howler monkey zombie (D:10)
  6 gnolls
  9 adders
  A shadow imp (D:7)
  2 ufetubi (D:6)
  3 worms
  2 dart slugs
  55 orcs
  3 bats
  7 endoplasms
  A giant cockroach (D:1)
  4 hobgoblins
  4 iguanas
  35 kobolds
  5 quokkas
  8 ball pythons
  5 frilled lizards
  12 goblins
  7 rats
328 creatures vanquished.

Vanquished Creatures (others)
  2 orcs (Elf:1)
  2 fungi (D:8)
  9 plants
13 creatures vanquished.

Grand Total: 341 creatures vanquished

Notes
Turn   | Place    | Note
-------+----------+-------------------------------------------
     0 | D:1      | Stomo444 the Vine Stalker Fighter began the quest for the
                  | Orb.
     0 | D:1      | Reached XP level 1. HP: 11/11 MP: 2/2
   283 | D:1      | Reached XP level 2. HP: 15/16 MP: 1/3
   903 | D:2      | Found a runed translucent door.
   904 | D:2      | Noticed Crazy Yiuf
  1155 | D:2      | Reached XP level 3. HP: 19/19 MP: 4/4
  1182 | D:2      | Noticed Natasha
  1190 | D:2      | Killed Natasha
  1191 | D:2      | Reached skill level 1 in Dodging
  1449 | D:2      | Found a faded altar of an unknown god.
  1667 | D:2      | Noticed Natasha
  1677 | D:2      | Killed Natasha
  1678 | D:2      | Gained mutation: Your natural rate of healing is unusually
                  | fast. [Vine Stalker growth]
  1678 | D:2      | Reached XP level 4. HP: 11/24 MP: 1/5
  1889 | D:2      | Noticed Natasha
  1907 | D:2      | Killed Natasha
  1908 | D:2      | Reached XP level 5. HP: 21/28 MP: 3/6
  1966 | D:2      | Found a broken altar of Ashenzari.
  2522 | D:2      | Killed Crazy Yiuf
  2891 | D:3      | Found Otza's Antique Armour Shop.
  3030 | D:3      | Reached XP level 6. HP: 19/32 MP: 4/7
  3393 | D:4      | Noticed a necrophage
  3410 | D:4      | Killed a necrophage
  3411 | D:4      | Reached XP level 7. HP: 35/37 MP: 5/8
  4106 | D:5      | Entered Level 5 of the Dungeon
  4304 | D:5      | Noticed Edmund
  4338 | D:5      | Killed Edmund
  4342 | D:5      | Gained mutation: You have razor-sharp teeth. [Vine Stalker
                  | growth]
  4342 | D:5      | Reached XP level 8. HP: 42/42 MP: 9/9
  4647 | D:5      | Found a hide-covered altar of Uskayaw.
  4832 | D:6      | Found a radiant altar of Vehumet.
  4997 | D:6      | Found a shimmering altar of Xom.
  5326 | D:6      | Found a hazy altar of Hepliaklqana.
  5401 | D:6      | Reached skill level 5 in Fighting
  5688 | D:7      | Reached skill level 5 in Shields
  5802 | D:7      | Reached XP level 9. HP: 47/47 MP: 10/10
  5821 | D:7      | Found a staircase to the Ecumenical Temple.
  5836 | Temple   | Entered the Ecumenical Temple
  6002 | Temple   | Became a worshipper of Warmaster Okawaru
  6166 | D:7      | Found Fuarr's Weapon Shoppe.
  6178 | D:7      | Noticed Maggie
  6188 | D:7      | Killed Maggie
  6189 | D:7      | Reached skill level 5 in Maces & Flails
  6189 | D:7      | Reached skill level 5 in Armour
  6345 | D:8      | Reached * piety under Okawaru
  6468 | D:8      | Reached ** piety under Okawaru
  6499 | D:8      | Found a staircase to the Lair.
  6722 | D:8      | Reached XP level 10. HP: 30/53 MP: 5/11
  7376 | D:9      | Reached skill level 5 in Dodging
  7637 | D:9      | Reached *** piety under Okawaru
  7702 | D:9      | Noticed a two-headed ogre
  7723 | D:9      | Killed a two-headed ogre
  7767 | D:9      | Noticed a kobold demonologist
  7777 | D:9      | Killed a kobold demonologist
  7928 | D:10     | Entered Level 10 of the Dungeon
  7964 | D:10     | Noticed Gastronok
  8017 | D:10     | Killed Gastronok
  8017 | D:10     | Reached **** piety under Okawaru
  8017 | D:10     | Reached ***** piety under Okawaru
  8018 | D:10     | Reached XP level 11. HP: 47/58 MP: 9/12
  8095 | D:10     | Reached skill level 1 in Invocations
  8239 | D:10     | Found a glowing golden altar of the Shining One.
  8253 | D:10     | Reached skill level 3 in Invocations
  8262 | D:10     | Noticed a two-headed ogre
  8270 | D:10     | Killed a two-headed ogre
  8271 | D:10     | Reached skill level 4 in Invocations
  8613 | D:11     | Received a gift from Okawaru
  8614 | D:11     | Reached skill level 5 in Invocations
  8751 | D:11     | You fall into a shaft and drop 2 floors!
  8854 | D:13     | Noticed Nessos
  8860 | D:13     | Noticed a tengu warrior
  8861 | D:13     | Noticed a tengu warrior
  8861 | D:13     | Noticed a cyclops
  8863 | D:13     | Noticed a tengu warrior
  8869 | D:13     | Identified a scroll of acquirement
  8869 | D:13     | Acquired 437 gold pieces
  8890 | D:13     | Received a gift from Okawaru
  8980 | D:13     | Killed Nessos
  8981 | D:13     | Reached skill level 6 in Invocations
  8999 | D:13     | Killed a tengu warrior
  9000 | D:13     | Reached skill level 7 in Invocations
  9006 | D:13     | Killed a tengu warrior
  9007 | D:13     | Reached skill level 8 in Invocations
  9090 | D:13     | Noticed a five-headed hydra
  9100 | D:13     | Killed a five-headed hydra
  9204 | D:12     | Reached skill level 9 in Invocations
  9284 | D:12     | Found a staircase to the Orcish Mines.
  9328 | D:11     | Noticed Josephine
  9336 | D:11     | Killed Josephine
  9337 | D:11     | Reached XP level 12. HP: 61/63 MP: 20/20
  9340 | D:11     | Reached skill level 10 in Invocations
  9526 | D:11     | Noticed a two-headed ogre
  9533 | D:11     | Killed a two-headed ogre
  9588 | D:11     | Noticed a two-headed ogre
  9597 | D:11     | Killed a two-headed ogre
  9597 | D:11     | Received a gift from Okawaru
  9598 | D:11     | Reached skill level 11 in Invocations
  9920 | D:12     | Noticed a two-headed ogre
  9949 | D:12     | Killed a two-headed ogre
 10020 | Orc:1    | Entered Level 1 of the Orcish Mines
 10020 | Orc:1    | Noticed an ogre mage
 10020 | Orc:1    | Noticed a two-headed ogre
 10020 | Orc:1    | Noticed a two-headed ogre
 10020 | Orc:1    | Noticed a two-headed ogre
 10031 | D:12     | Reached skill level 12 in Invocations
 10045 | D:12     | Killed a two-headed ogre
 10050 | D:12     | Killed a two-headed ogre
 10055 | D:12     | Killed a two-headed ogre
 10055 | D:12     | Received a gift from Okawaru
 10068 | D:12     | Killed an ogre mage
 10069 | D:12     | Reached skill level 13 in Invocations
 10105 | Orc:1    | Noticed a two-headed ogre
 10114 | Orc:1    | Reached ****** piety under Okawaru
 10125 | Orc:1    | Killed a two-headed ogre
 10126 | Orc:1    | Reached XP level 13. HP: 67/67 MP: 22/24
 10312 | Orc:2    | Entered Level 2 of the Orcish Mines
 10427 | Orc:1    | Reached skill level 14 in Invocations
 10694 | Orc:2    | Found a burning altar of Makhleb.
 10775 | Orc:2    | Found a staircase to the Elven Halls.
 10835 | Elf:1    | Entered Level 1 of the Elven Halls
 10878 | Elf:1    | Noticed a deep elf demonologist
 10878 | Elf:1    | Noticed a deep elf demonologist
 10879 | Elf:1    | Noticed a reaper
 10907 | Elf:1    | Noticed a Brimstone Fiend
 10916 | Elf:1    | Noticed a cacodemon
 10920 | Elf:1    | Identified the +6 quick blade "Duh Idarr" {elec, rPois
                  | Str+3} (Okawaru gifted it to you on level 1 of the Elven
                  | Halls)
 10920 | Elf:1    | Received a gift from Okawaru
 10952 | Elf:1    | Killed a deep elf demonologist
 11005 | Orc:2    | Slain by a deep elf knight

Illustrated notes

Levels and vault maps discovered:
D:1:      dpeg_arrival_solitude, layout_basic, chequers_serial_rivers_room_b
D:2:      layout_basic, basic_altar, chequers_ecumenical_altar_lobes,
          uniq_crazy_yiuf_cottage, uniq_natasha
D:3:      layout_loops_ring, serial_shops, shop
D:4:      layout_basic
D:5:      layout_loops_cross, nicolae_uskayaw_suspiria, uniq_edmund
D:6:      layout_gridville, vehumet_altar_wand_db, dk_xom_monty_hall,
          mainiacjoe_overflow_catwalk
D:7:      layout_rooms, minmay_temple_entry_oklob, serial_shops,
          nicolae_square_shop, uniq_maggie
D:8:      layout_cave_pods, grunt_lair_entry_orc_guard_hut,
          minmay_misc_feat_rows
D:9:      layout_irregular_city
D:10:     layout_rooms, mainiacjoe_overflow_24_doors, uniq_gastronok
D:11:     layout_roguey, uniq_josephine
D:12:     layout_cave_pods, orc_0_dummy, chequers_arboretum
D:13:     layout_basic, uniq_jorgrun, uniq_urug, uniq_nessos
Temple:   minmay_crystal_spiral_temple
Orc:1:    layout_diamond_mine
Orc:2:    st_orc_elflike, layout_caves, basic_altar, serial_shops,
          nicolae_square_shop
Elf:1:    elf_arrival_001, layout_geoelf_diagonals, serial_shops,
          shop_fountains, orc_legates, palyth_stone_intersect,
          serial_sigils_hangedman_snap, hangedman_elven_crosses_minicolossus,
          uniq_asterion

Skill      XL: |  1  2  3  4  5  6  7  8  9 10 11 12 13 |
---------------+----------------------------------------+-----
Maces & Flails | 2 3 4 5 6 7 |  7.2
Fighting       | 3 4 5 6 7 |  7.6
Dodging        | 1 2 3 4 6 |  6.3
Shields        | 3 4 5 6 7 |  7.6
Armour         | 3 4 5 6 |  6.9
Invocations    | 9 13 14 | 14.3

Action                   |  1- 3 |  4- 6 |  7- 9 | 10-12 | 13-15 || total
-------------------------+-------+-------+-------+-------+-------++-------
Melee: Flail             |    62 |   114 |   145 |   256 |       ||   577
       Bite              |    22 |    30 |    77 |   208 |    75 ||   412
       Morningstar       |       |    32 |    83 |       |       ||   115
       Whip              |       |       |       |   218 |   174 ||   392
Invok: Heroism           |       |       |       |     2 |     1 ||     3
       Finesse           |       |       |       |     2 |     1 ||     3
  Use: Scroll            |       |       |       |     5 |       ||     5
       Potion            |       |       |       |     1 |       ||     1
Armor: Scale mail        |    20 |    53 |    85 |    82 |       ||   240
       Chain mail        |       |       |       |   193 |    71 ||   264
       Troll leather arm |       |       |       |    15 |       ||    15
       Acid dragon scale |       |       |       |     9 |       ||     9
Dodge: Dodged            |    21 |    42 |   108 |   238 |    53 ||   462
Block: Kite shield       |    21 |    62 |   166 |   322 |    88 ||   659
